 Dungeon Crawl Stone Soup version 0.19-a0-1127-gac58878 (webtiles) character file.

137 Gagarin the Chucker (level 5, -2/53 HPs)
             Began as an Ogre Hunter on Aug 12, 2016.
             Slain by Blork the orc
             ... wielding a +0 hand axe
              (4 damage)
             ... on level 4 of the Dungeon.
             The game lasted 00:07:18 (3221 turns).

Gagarin the Chucker (Ogre Hunter)                   Turns: 3221, Time: 00:07:18

Health: -2/53      AC:  3    Str: 17    XL:     5   Next: 20%
Magic:  5/5        EV: 11    Int: 10    God:
Gold:   179        SH:  0    Dex: 11    Spells: 0 memorised, 4 levels left

rFire  . . .     SeeInvis .     e - +4 flail (holy)
rCold  . . .     Gourm    .     b - +0 robe
rNeg   . . .     Faith    .     (no shield)
rPois  .         Spirit   .     (helmet restricted)
rElec  .         Dismiss  .     (no cloak)
rCorr  .         Reflect  .     (gloves unavailable)
SustAt .         Harm     .     (boots unavailable)
MR     .....                    (no amulet)
Stlth  +.........               (no ring)
                                (no ring)

@:
A: unfitting armour, tough skin 1
a: no special abilities


You were on level 4 of the Dungeon.
You were not hungry.

You visited 2 branches of the dungeon, and saw 5 of its levels.

You collected 179 gold pieces.

Inventory:

Hand Weapons
 a - a +0 short sword
 e - a +4 flail of holy wrath (weapon)
 k - a +0 club
Missiles
 c - 5 large rocks (quivered)
 d - a throwing net
 s - 15 poisoned needles
Armour
 b - a +0 robe (worn)
Jewellery
 q - an uncursed ring of fire {unknown}
 x - a cursed ring of teleportation {unknown}
Scrolls
 g - a scroll of fog {unknown}
 h - 5 scrolls of identify {unknown}
 i - a scroll of enchant armour {unknown}
 l - a scroll of amnesia {unknown}
 p - a scroll of remove curse {unknown}
 w - a scroll of recharging {unknown}
Potions
 o - a potion of cancellation {unknown}
 t - a potion of heal wounds
 u - 2 potions of lignification {unknown}
 v - a potion of flight {unknown}
Comestibles
 f - 2 bread rations
 j - 2 meat rations
 m - a beef jerky
 n - 2 slices of pizza
 r - a chunk of flesh


   Skills:
 + Level 3.3 Fighting
 + Level 2.0 Maces & Flails
 + Level 4.7 Throwing
 + Level 3.3 Dodging
 + Level 1.2 Stealth


You had 4 spell levels left.
You didn't know any spells.

Dungeon Overview and Level Annotations

Branches:
Dungeon (4/15)             Temple (1/1) D:4

Altars:
Cheibriados
Gozag
Hepliaklqana
Makhleb
Qazlal
Ru
Sif Muna
Vehumet
Yredelemnul
The Shining One
Lugonu

Annotations:
D:4 Blork the orc


Innate Abilities, Weirdness & Mutations

You are too large for most types of armour.
You have tough skin. (AC +1)


Message History

Blork the orc is heavily wounded.
Blork the orc hits you with a hand axe. Blork the orc barely misses you.
You thump Blork the orc!
Blork the orc is severely wounded.
Blork the orc gestures wildly while chanting.
Blork the orc flickers and vanishes!
Deactivating autopickup; reactivate with Ctrl-A.
Something hits you.
No target in view!
No target in view!
You miss something. Something hits you.
* * * LOW HITPOINT WARNING * * *
Something hits you.
* * * LOW HITPOINT WARNING * * *
You closely miss something. Something barely misses you.
You closely miss something. Something completely misses you.
Something hits you.
* * * LOW HITPOINT WARNING * * *
You barely miss something. Something hits you.
You die...

#.#.# #'#.#
......... ....#
#.# .......# ....#
#.. ....... [...#
#.# ..... ....#
#.# .... ....# #.#
#.. ....# #.# #{#
.>..###.########@#
###.##...........#
.....#..##########
###....>......
+....#####..
#....# #....#
#....# #....#


There were no monsters in sight!

Vanquished Creatures
  Terence (D:1)
  Robin (D:3)
  2 adders (D:2)
  A dart slug (D:2)
  3 orcs
  A giant cockroach (D:1)
  15 goblins
  10 hobgoblins
  7 jackals
  11 kobolds
  2 quokkas
  7 bats
  3 giant newts
  10 rats
74 creatures vanquished.

Notes
Turn   | Place    | Note
-------+----------+-------------------------------------------
     0 | D:1      | Gagarin the Ogre Hunter began the quest for the Orb.
     0 | D:1      | Reached XP level 1. HP: 22/22 MP: 1/1
   154 | D:1      | Reached XP level 2. HP: 29/29 MP: 2/2
   369 | D:1      | HP: 1/29 [jackal (1)]
   743 | D:1      | Reached XP level 3. HP: 13/37 MP: 3/3
   986 | D:2      | Noticed Terence
  1010 | D:1      | Killed Terence
  1288 | D:1      | Reached skill level 1 in Maces & Flails
  1438 | D:2      | Reached skill level 1 in Stealth
  1438 | D:2      | Reached XP level 4. HP: 42/45 MP: 4/4
  1724 | D:2      | Found an opulent altar of Gozag.
  2223 | D:3      | Found a radiant altar of Vehumet.
  2498 | D:3      | Noticed Robin
  2537 | D:3      | Reached XP level 5. HP: 42/53 MP: 5/5
  2553 | D:3      | Killed Robin
  3110 | D:4      | Found a staircase to the Ecumenical Temple.
  3125 | Temple   | Entered the Ecumenical Temple
  3210 | D:4      | Noticed Blork the orc
  3220 | D:4      | HP: 2/53 [something (5)]
  3221 | D:4      | Slain by Blork the orc

Vault maps used:
D:1:      roderic_octagonal_star
D:2:      nicolae_gozag_seed_capital, uniq_terence
D:3:      fiery_altar_vehumet, uniq_robin
D:4:      old_standard_altar, kennysheep_little_box, first_bread, serial_shops,
          shop, uniq_blork_the_orc, uniq_duvessa
Temple:   corrupted_temple

Skill      XL: |  1  2  3  4  5 |
---------------+----------------+-----
Dodging        | 2 3 |  3.3
Fighting       | 3 |  3.3
Maces & Flails | 1 2 |  2.0
Stealth        | 1 |  1.2
Throwing       | |  4.7

Action                   |  1- 3 |  4- 6 || total
-------------------------+-------+-------++-------
Melee: Club              |    86 |       ||    86
       Flail             |     5 |   109 ||   114
Throw: Large rock        |    20 |     5 ||    25
       Throwing net      |     3 |     1 ||     4
  Use: Potion            |     2 |       ||     2
 Stab: Sleeping          |     1 |     1 ||     2
  Eat: Chunk             |     2 |     6 ||     8
Armor: Robe              |    48 |    36 ||    84
Dodge: Dodged            |    99 |    82 ||   181
